 Dungeon Crawl Stone Soup version 0.30-a0-40-gc6d0f036a7 (webtiles) character file.

Game seed: 7579118284018009267

35 Newt the Trooper (level 3, 0/28 HPs)
             Began as a Demonspawn Gladiator on Aug 29, 2022.
             Was a Follower of Cheibriados.
             Slain by a gnoll
             ... wielding a +0 spear
              (2 damage)
             ... on level 2 of the Dungeon.
             The game lasted 00:01:27 (1208 turns).

Newt the Trooper (Demonspawn Gladiator)             Turns: 1208, Time: 00:01:28

Health: 0/28       AC:  4    Str: 19    XL:     3   Next: 16%
Magic:  3/3        EV: 13    Int: 12    God:    Cheibriados [*.....]
Gold:   64         SH:  0    Dex: 19    Spells: 2/2 levels left

rFire   . . .      SeeInvis .    a - +0 rapier
rCold   . . .      Faith    .    (no shield)
rNeg    . . .      Spirit   .    b - +0 leather armour
rPois   .          Reflect  .    c - +0 helmet
rElec   .          Harm     .    (no cloak)
rCorr   .          Rampage  .    (no gloves)
Will    .....                    (no boots)
Stlth   +++.......               (no amulet)
HPRegen 0.09/turn                (no ring)
MPRegen 0.08/turn                (no ring)

@: very slow
A: thin skeletal structure 1, weakness stinger 1
a: Renounce Religion, Bend Time


You were on level 2 of the Dungeon.
You worshipped Cheibriados.
Cheibriados was aware of your devotion.
You visited 1 branch of the dungeon, and saw 2 of its levels.

You collected 64 gold pieces.

Inventory:

Hand Weapons
 a - a +0 rapier (weapon)
Missiles
 d - 3 throwing nets (quivered)
 l - a poisoned dart
Armour
 b - a +0 leather armour (worn)
 c - a +0 helmet (worn)
 j - an orb of guile
Scrolls
 f - a scroll of teleportation
 k - a scroll of magic mapping
Potions
 h - 2 potions of experience {unknown}
 i - a potion of cancellation {unknown}
 n - a potion of brilliance {unknown}


   Skills:
 + Level 2.9 Fighting
 - Level 2.6 Short Blades
 - Level 1.7 Throwing
 - Level 2.6 Dodging
 - Level 2.0 Stealth


You had 2 spell levels left.
You didn't know any spells.
Your spell library contained the following spells:

 Spells                   Type           Power      Damage    Failure   Level
 Freeze                   Ice            0%         1d3       36%         1
 Ignite Poison            Fire/Tmut/Pois 0%         N/A       75%         3
 Ozocubu's Refrigeration  Ice            0%         4d7       100%        7
 Polar Vortex             Ice            0%         N/A       100%        9


Dungeon Overview and Level Annotations

Branches:
Dungeon (2/15)

Altars:
Cheibriados


Innate Abilities, Weirdness & Mutations

You have a somewhat thin skeletal structure. (Dex +2, Stealth+)
You have a small tail.


Message History

The poisoned dart barely misses the gnoll.
The gnoll barely misses you. x2
Unknown command.
Throw: 5 darts (poison)
Press: ? - help, Shift-Dir - straight line, f/p - gnoll
Aim: a gnoll, wielding a +0 spear (65% to hit)
You throw a poisoned dart.
The poisoned dart barely misses the gnoll.
The gnoll closely misses you. x2
Unknown command.
Throw: 4 darts (poison)
Press: ? - help, Shift-Dir - straight line, f/p - gnoll
Aim: a gnoll, wielding a +0 spear (65% to hit)
You throw a poisoned dart. The poisoned dart hits the gnoll.
The gnoll is poisoned.
You are now empty-handed.
The gnoll completely misses you. The gnoll misses you.
Unknown command.
Throw: 3 darts (poison)
Press: ? - help, Shift-Dir - straight line, f/p - gnoll
Aim: a gnoll, wielding a +0 spear (lightly wounded, poisoned, 65% to hit)
You throw a poisoned dart. The poisoned dart hits the gnoll.
The gnoll looks even sicker.
The gnoll is lightly wounded.
The gnoll closely misses you. x2
a - a +0 rapier (weapon)
Throw: 2 darts (poison)
Press: ? - help, Shift-Dir - straight line, f/p - gnoll
Aim: a gnoll, wielding a +0 spear (lightly wounded, very poisoned, 65% to hit)
You throw a poisoned dart.
The poisoned dart closely misses the gnoll.
The gnoll barely misses you. The gnoll misses you.
Unknown command.
The gnoll hits you with a +0 spear. The gnoll hits you with a +0 halberd!
The gnoll hits you but does no damage. The gnoll hits you with a +0 halberd!
* * * LOW HITPOINT WARNING * * *
You hit the gnoll but do no damage.
The gnoll is moderately wounded.
The gnoll hits you with a +0 spear.
You die...

*****,* #.* *,* * *,*
#.# #.# # *,* #.# #.# #
*,* #.# #.# # *,* #.#
#.# # *,* #.# #.# #
#.####.##########.# #
#(...g..........#.#####
#####g@...)............
################### # #


You could see 2 gnolls.

Vanquished Creatures
  A gnoll (D:2)
  An adder (D:2)
  A bat (D:1)
  4 endoplasms
  A giant cockroach (D:1)
  A goblin (D:1)
  2 jackals (D:1)
  3 ball pythons
  A rat (D:1)
15 creatures vanquished.

Notes
Turn   | Place    | Note
-------+----------+-------------------------------------------
     0 | D:1      | Newt the Demonspawn Gladiator began the quest for the Orb.
     0 | D:1      | Reached XP level 1. HP: 16/16 MP: 1/1
    43 | D:1      | Found a faded altar of an unknown god.
   210 | D:1      | Reached skill level 1 in Stealth
   275 | D:1      | Prayed at the altar of an unknown god.
   275 | D:1      | Became a worshipper of Cheibriados the Contemplative
   275 | D:1      | Reached * piety under Cheibriados
   424 | D:1      | Gained mutation: You have a small tail. [demonic ancestry]
   424 | D:1      | Reached XP level 2. HP: 18/22 MP: 2/2
   511 | D:1      | Got the Tome of Chilling Pollution
   795 | D:1      | You fall into a shaft and drop 1 floor!
  1057 | D:2      | Gained mutation: You have a somewhat thin skeletal
                  | structure. (Dex +2, Stealth+) [demonic ancestry]
  1057 | D:2      | Reached XP level 3. HP: 15/28 MP: 3/3
  1208 | D:2      | Slain by a gnoll

Illustrated notes

Levels and vault maps discovered:
D:1:      tarquinn_simple_flora_water_c, layout_loops_cross,
          chequers_ecumenical_altar_island, minmay_misc_feat_plants,
          kennysheep_doodads, palyth_stone_intersect
D:2:      layout_loops_ring, uniq_sigmund

Skill      XL: |  1  2 |
---------------+-------+-----
Stealth        | 1 2 |  2.0
Fighting       | |  2.9
Short Blades   | |  2.6
Throwing       | |  1.7
Dodging        | |  2.6

Action                   || total
-------------------------++-------
Melee: Rapier            ||    49
       Tailslap          ||     4
Throw: Dart              ||     5
       Javelin           ||     1
  Use: Scroll            ||     6
 Stab: Sleeping          ||     1
Armor: Leather armour    ||    13
Dodge: Dodged            ||    32

Table legend: (Time is in decaauts)
 A = Elapsed time spent in this place.
 B = Non-inter-level travel time spent in this place.
 C = Inter-level travel time spent in this place.
 D = Time resting spent in this place.
 E = Time spent auto-exploring this place.
 F = Levels seen in this place.
 G = Mean time per level.
                   A        B        C        D        E       F      G
               +--------+--------+--------+--------+--------+-----+--------+
         Total |   1394 |   1330 |     64 |      0 |   1158 |   2 |  697.0 |
       Dungeon |   1394 |   1330 |     64 |      0 |   1158 |   2 |  697.0 |
               +--------+--------+--------+--------+--------+-----+--------+

Top non-repeatable levels by time:
     D:1: 952 daAuts
     D:2: 442 daAuts
